Map: Dragon Scales LE

Players

MattBarry - Winner!

  • Race: Zerg Zerg
  • League: Gold
  • Spawn Location: 11:00

toucanpete

  • Race: Zerg Zerg
  • League: Platinum
  • Spawn Location: 5:00

VOD

Have the link to the VOD?

Description

Time

  • Played on: Feb. 10, 2023, 4:12 p.m.
  • Length: 15:48
Show
View Real Time Build Order
Export as new Build Order

MattBarry Zerg - Winner!

Build Orders: Hatch First 

Get SALT Encoding   

  12  0:00  Drone  
  13  0:12  Overlord  
  13  0:16  Drone  
  14  0:30  Drone x2  
  16  0:51  Drone  
  16  0:53  Hatchery  
  16  1:01  Drone  
  16  1:03  Drone  
  18  1:05  Extractor  
  17  1:17  Spawning Pool  
  16  1:19  Drone  
  16  1:23  Drone  
  18  1:31  Drone  
  19  1:38  Drone  
  20  2:04  Queen x2  
  20  2:07  Overlord  
  24  2:12  Metabolic Boost  
  24  2:14  Drone x3  
  27  2:24  Zergling x2  
  27  2:27  Zergling x2  
  27  2:29  Drone  
  30  2:39  Drone  
  30  2:40  Drone  
  32  2:58  Hatchery  
  32  2:59  Drone x3  
  32  3:05  Baneling Nest  
  33  3:11  Extractor  
  32  3:14  Evolution Chamber, Drone x3  
  34  3:30  Queen  
  34  3:44  Queen  
  36  3:55  Zerg Melee Weapons Level 1  
  36  4:00  Overlord x3  
  36  4:06  Extractor  
  36  4:07  Extractor  
  36  4:08  Zergling x2  
  36  4:09  Zergling x2  
  37  4:13  Queen  
  37  4:16  Queen  
  39  4:18  Overlord  
  39  4:21  Drone x4  
  46  4:52  Drone  
  46  4:53  Drone x6  
  46  4:56  Zergling x16  
  60  5:03  Lair  
  60  5:12  Pneumatized Carapace  
  60  5:18  Drone x3  
  60  5:19  Drone x3  
  66  5:33  Roach Warren  
  65  5:44  Evolution Chamber  
  64  5:53  Overlord  
  64  5:54  Overlord  
  64  6:05  Zergling x20  
  64  6:07  Overlord x3  
  74  6:12  Zerg Ground Armor Level 1  
  74  6:19  Overlord  
  74  6:20  Zergling x2  
  74  6:21  Zergling x12  
  74  6:23  Drone x2  
  83  6:31  Spore Crawler  
  82  6:33  Spore Crawler  
  82  6:36  Spore Crawler  
  82  6:38  Spore Crawler  
  79  6:40  Spore Crawler  
  79  6:42  Spore Crawler  
  75  7:19  Overlord x6  
  50  7:28  Hydralisk Den  
  49  7:34  Roach x4  
  49  7:35  Roach x5  
  67  7:49  Queen  
  67  7:50  Queen x2  
  68  8:07  Roach x5  
  78  8:20  Spore Crawler  
  78  8:22  Spore Crawler  
  78  8:25  Queen, Extractor  
  77  8:28  Spore Crawler  
  77  8:32  Drone x4  
  80  8:52  Drone x3  
  80  8:55  Hydralisk x3  
  89  9:05  Drone x6  
  95  9:12  Zerg Missile Weapons Level 1  
  95  9:22  Overlord x2  
  95  9:23  Overlord  
  95  9:39  Overlord x3  
  95  9:48  Hydralisk x5  
  105  10:02  Hydralisk x5  
  115  10:23  Zergling x6  
  115  10:24  Zergling x12  
  124  10:34  Overseer  
  124  10:45  Grooved Spines  
  124  10:48  Hatchery  
  123  10:50  Zerg Ground Armor Level 2  
  123  10:54  Drone x5  
  128  11:21  Hydralisk  
  128  11:22  Overlord x3  
  130  11:46  Hydralisk  
  130  11:47  Hydralisk x11  
  129  11:49  Overlord x2  
  153  11:56  Muscular Augments  
  152  12:13  Drone x17  
  149  12:21  Glial Reconstitution  
  149  12:27  Queen  
  151  12:53  Overlord x2  
  151  12:54  Overlord  
  151  12:58  Spore Crawler  
  150  12:59  Spore Crawler  
  150  13:01  Spore Crawler  
  148  13:20  Hydralisk x9  
  148  13:21  Hydralisk  
  148  13:23  Roach x2  
  142  13:44  Hydralisk x6  
  138  14:03  Drone x10  
  138  14:04  Drone x2  
  148  14:19  Roach x5  
  148  14:20  Roach  
  155  14:52  Hydralisk x12  
Show
View Real Time Build Order
Export as new Build Order

toucanpete Zerg 

Build Orders: Hatch First 

Get SALT Encoding   

  12  0:01  Drone  
  13  0:19  Overlord  
  13  0:41  Drone  
  14  0:47  Hatchery  
  14  0:48  Drone  
  14  0:50  Drone  
  14  0:54  Drone  
  16  1:03  Drone  
  17  1:14  Drone  
  18  1:25  Spawning Pool, Drone  
  18  1:35  Drone  
  19  1:45  Drone  
  20  1:49  Extractor  
  19  1:56  Drone  
  20  2:02  Drone  
  20  2:07  Drone  
  22  2:11  Drone  
  22  2:15  Queen  
  25  2:21  Queen  
  27  2:25  Drone  
  28  2:32  Spine Crawler  
  27  2:42  Drone  
  27  2:43  Overlord x2  
  28  2:53  Overlord  
  28  3:03  Drone x4  
  28  3:05  Extractor  
  31  3:06  Lair  
  31  3:07  Extractor  
  31  3:08  Spine Crawler  
  29  3:17  Drone x3  
  32  3:51  Drone x6  
  32  3:53  Zergling x2, Drone, Overlord  
  40  3:59  Drone, Baneling Nest  
  40  4:10  Spire  
  39  4:22  Drone x3  
  39  4:23  Zergling x6  
  45  4:24  Zergling x2  
  46  4:32  Extractor  
  46  4:35  Queen  
  46  4:36  Queen  
  46  4:37  Overlord  
  49  4:44  Zergling x4  
  51  4:58  Overseer  
  51  4:59  Zergling x4  
  53  5:00  Drone x2, Overlord  
  53  5:04  Drone  
  56  5:21  Baneling x2  
  56  5:26  Mutalisk x6  
  68  5:34  Zerg Flyer Weapons Level 1  
  67  5:48  Metabolic Boost  
  67  5:54  Evolution Chamber  
  62  5:59  Centrifugal Hooks  
  62  6:12  Hatchery  
  62  6:17  Zergling x6, Drone  
  62  6:18  Zergling x6, Drone x3  
  70  6:19  Zergling x2  
  70  6:20  Mutalisk  
  74  6:40  Overlord x2  
  74  6:41  Overlord  
  74  6:50  Zergling x2  
  74  6:51  Overlord x3  
  74  6:53  Baneling x4  
  74  6:54  Baneling x7  
  75  6:55  Baneling  
  66  7:16  Baneling  
  66  7:17  Baneling  
  64  7:23  Zergling x6  
  64  7:24  Drone  
  68  7:31  Zergling x2, Overlord x4  
  68  7:37  Hatchery  
  68  7:41  Hatchery  
  62  7:58  Mutalisk x6  
  59  8:01  Zerg Flyer Weapons Level 2  
  71  8:17  Zergling x6  
  71  8:18  Zergling x2, Drone x3  
  77  8:23  Drone  
  78  8:32  Baneling x6  
  78  8:34  Overseer  
  78  8:52  Overlord  
  78  8:54  Pneumatized Carapace  
  78  8:58  Zerg Melee Weapons Level 1  
  78  9:04  Evolution Chamber  
  78  9:05  Drone x4  
  78  9:06  Drone x7  
  87  9:16  Zergling x10  
  92  9:27  Mutalisk  
  92  9:28  Mutalisk x2  
  95  9:44  Mutalisk  
  95  9:45  Mutalisk x4  
  103  9:53  Zergling x2  
  103  9:56  Drone x2  
  103  9:57  Drone x3  
  107  10:00  Extractor  
  107  10:01  Extractor  
  105  10:08  Drone, Overlord x2  
  105  10:10  Overseer x5  
  106  10:18  Infestation Pit  
  105  10:32  Baneling  
  105  10:33  Baneling x5  
  105  10:34  Baneling, Zergling x2  
  105  10:35  Zergling x16  
  114  10:41  Hatchery  
  113  11:03  Overseer  
  113  11:04  Overseer  
  113  11:08  Drone x4  
  113  11:10  Zerg Flyer Armor Level 1  
  113  11:11  Hive  
  113  11:22  Zergling x32  
  129  11:38  Baneling x2  
  129  11:39  Baneling x9  
  129  11:54  Baneling x4  
  128  12:15  Corruptor x3  
  123  12:16  Corruptor x2  
  123  12:17  Mutalisk x3  
  123  12:18  Mutalisk  
  123  12:19  Zergling x4, Hatchery  
  123  12:20  Zergling x2  
  143  12:34  Zergling x2  
  143  12:35  Zergling x6  
  143  12:36  Zerg Melee Weapons Level 2  
  147  12:38  Zerg Ground Armor Level 1  
  147  12:46  Extractor  
  147  12:49  Extractor  
  143  13:06  Baneling x7  
  143  13:07  Baneling, Zergling x6  
  143  13:08  Zergling x12  
  143  13:09  Zergling x2  
  145  13:20  Overlord  
  145  13:22  Greater Spire  
  120  13:39  Zergling x12  
  70  13:49  Mutalisk x4  
  70  13:50  Mutalisk x3  
  73  13:57  Spine Crawler  
  73  13:59  Baneling x2  
  73  14:01  Zergling x12  
  70  14:13  Zergling x4  
  70  14:14  Zergling x2  
  69  14:23  Zergling x10  
  49  14:33  Brood Lord x3  
Tags
 
Add a new tag
Caveats
  • Supply blocks, unpowered buildings, or Contaminate may cause inaccurate times.
  • Supply counts are checked every 10 seconds.